 Dungeon Crawl Stone Soup version 0.30-a0-578-gdee14c521f (webtiles) character file.

Game seed: 16469420877050081902

297 wormed the Sneak (level 6, 0/39 HPs)
             Began as a Kobold Delver on Jan 1, 2023.
             Slain by a black bear (4 damage)
             ... on level 4 of the Dungeon.
             The game lasted 00:04:28 (2899 turns).

wormed the Sneak (Kobold Delver)                    Turns: 2899, Time: 00:04:29

Health: 0/39       AC:  6    Str: 10    XL:     6   Next: 62%
Magic:  6/6        EV: 15    Int: 11    God:
Gold:   133        SH:  0    Dex: 18    Spells: 5/5 levels left

rFire   . . .      SeeInvis .    a - +0 short sword
rCold   . . .      Faith    .    (no shield)
rNeg    . . .      Spirit   .    b - +0 leather armour
rPois   .          Reflect  .    o - +0 helmet
rElec   .          Harm     .    (no cloak)
rCorr   .          Rampage  .    j - +1 pair of gloves
Will    .....                    (no boots)
Stlth   +++++                    (no amulet)
HPRegen 0.26/turn                (no ring)
MPRegen 0.10/turn                (no ring)

@: no status effects
A: small, no large weapons, nightstalker 3
a: no special abilities


You were on level 4 of the Dungeon.
You visited 1 branch of the dungeon, and saw 5 of its levels.

You collected 133 gold pieces.

Inventory:

Hand Weapons
 a - a +0 short sword (weapon)
Armour
 b - a +0 leather armour (worn)
 j - a +1 pair of gloves (worn)
 o - a +0 helmet (worn)
Wands
 g - a wand of digging (3)
Scrolls
 d - 2 scrolls of identify
 q - a scroll of silence
 s - a scroll of blinking {unknown}
 t - a scroll of enchant weapon {unknown}
Potions
 h - a potion of attraction {unknown}
 i - 2 potions of flight {unknown}
 k - a potion of mutation {unknown}
 l - a potion of cancellation {unknown}
 m - a potion of resistance {unknown}
 n - 2 potions of curing {unknown}
 p - a potion of might {unknown}


   Skills:
 + Level 4.5 Fighting
 * Level 5.7 Short Blades
 + Level 4.0 Dodging
 + Level 7.7 Stealth


You had 5 spell levels left.
You didn't know any spells.
Your spell library contained the following spells:

 Spells                   Type           Power      Damage    Failure   Level
 Blink                    Tloc           0%         N/A       58%         2
 Momentum Strike          Conj/Tloc      0%         3d8       58%         2
 Lesser Beckoning         Tloc           0%         N/A       82%         3


Dungeon Overview and Level Annotations

Branches:
Dungeon (5/15)
 Temple: D:4-7

Altars:
Xom

Annotations:
D:4 Pikel


Innate Abilities, Weirdness & Mutations

You are small and have problems with some larger weapons.
You are completely attuned to the shadows.


Message History

The black bear is severely wounded.
The black bear struggles against the net. x2
The black bear struggles against the net.
You hear an angry growl.
The black bear rages.
The black bear bites you but does no damage.
The black bear claws you. The black bear closely misses you.
The black bear bites you but does no damage.
The black bear claws you. The black bear misses you.
You hear a shout!
Something shouts, "Get thee hence, thou yeasty half-faced dingleberry!"
The black bear rages.
The black bear attacks as you move away!
The black bear barely misses you. The black bear completely misses you.
The black bear closely misses you.
A hobgoblin comes into view.
The black bear misses you. The black bear claws you.
The black bear completely misses you.
The black bear attacks as you move away!
The black bear misses you. x2; The black bear claws you.
* * * LOW HITPOINT WARNING * * *
The hobgoblin closely misses you. The black bear barely misses you.
The black bear claws you but does no damage. x2
The hobgoblin attacks as you move away! The hobgoblin barely misses you.
The black bear attacks as you move away!
The black bear bites you but does no damage.
The black bear misses you. The black bear claws you.
* * * LOW HITPOINT WARNING * * *
The black bear closely misses you. The black bear claws you.
* * * LOW HITPOINT WARNING * * *
The black bear barely misses you.
As you read the scroll labelled MINLITWITA, it crumbles to dust.
It is a scroll of identify.
q - a scroll of silence The black bear bites you.
* * * LOW HITPOINT WARNING * * *
The black bear barely misses you. The black bear closely misses you.
An adder comes into view.
A white imp comes into view.
The black bear bites you.
You die...

... #... .... ##
####...S
..###.g@....
........
.#.....h.....
........
.......#.....
........ ##
#..5..#.....
........
#.###....#.....
....>...
#............
..#.....
#...###.##.
.....#.
#...#.........
.....##.
#.......ยงยง.#.##
.....#..


You could see a black bear (berserk), an adder (wandering), a white imp and a
hobgoblin.

Vanquished Creatures
  A scorpion (D:3)
  A hound (D:3)
  2 orc wizards (D:3)
  6 adders
  A white imp (D:3)
  4 worms
  2 dart slugs
  3 orcs (D:3)
  3 bats
  6 endoplasms
  8 giant cockroaches
  6 goblins
  7 hobgoblins
  9 kobolds
  2 quokkas
  9 ball pythons
  4 frilled lizards
  9 rats
  A butterfly (D:1)
84 creatures vanquished.

Notes
Turn   | Place    | Note
-------+----------+-------------------------------------------
     0 | D:5      | wormed the Kobold Delver began the quest for the Orb.
     0 | D:5      | Reached XP level 1. HP: 14/14 MP: 1/1
     7 | D:5      | Found a shimmering altar of Xom.
    56 | D:3      | Reached XP level 2. HP: 19/19 MP: 2/2
   164 | D:3      | Reached XP level 3. HP: 23/23 MP: 3/3
   311 | D:3      | Reached XP level 4. HP: 29/29 MP: 4/4
   356 | D:3      | Reached skill level 7 in Stealth
   507 | D:3      | Reached XP level 5. HP: 33/33 MP: 5/5
   846 | D:2      | Reached skill level 5 in Short Blades
  1227 | D:2      | Reached XP level 6. HP: 38/38 MP: 6/6
  1886 | D:1      | Found a faded altar of an unknown god.
  2498 | D:4      | Noticed Pikel
  2842 | D:4      | Noticed a black bear
  2899 | D:4      | Slain by a black bear

Illustrated notes

Levels and vault maps discovered:
D:1:      spicycebolla_arrival_clurvy, layout_basic,
          hellmonk_ecumenical_altar_arch_garden, chequers_jeans
D:2:      wad_river_or_something, layout_basic
D:3:      minmay_skewed_foursquare, layout_basic
D:4:      kennysheep_goblin_castle, layout_cave_pools,
          hellmonk_okawaru_the_only_friend_you_need,
          pdpol_wu_jian_five_deadly_venoms, nicolae_tso_carved_into_rock,
          saegor_snake_ambush, uniq_pikel
D:5:      layout_cave_pods, nicolae_uskayaw_suspiria, overflow_temple_1_default,
          worldfamousw_hep_ancestral_shrine

Skill      XL: |  1  2  3  4  5  6 |
---------------+-------------------+-----
Short Blades   | 3 4 5 |  5.7
Dodging        | 3 4 |  4.0
Stealth        | 7 |  7.7
Fighting       | 4 |  4.5

Action                   |  1- 3 |  4- 6 || total
-------------------------+-------+-------++-------
Melee: Short sword       |    37 |   160 ||   197
       Punch             |       |     1 ||     1
Throw: Throwing net      |       |     1 ||     1
  Use: Scroll            |     1 |     3 ||     4
       Potion            |       |     1 ||     1
 Stab: Sleeping          |    13 |    47 ||    60
       Distracted        |       |     1 ||     1
Armor: Leather armour    |     6 |    40 ||    46
Dodge: Dodged            |    15 |   112 ||   127

Table legend: (Time is in decaauts)
 A = Elapsed time spent in this place.
 B = Non-inter-level travel time spent in this place.
 C = Inter-level travel time spent in this place.
 D = Time resting spent in this place.
 E = Time spent auto-exploring this place.
 F = Levels seen in this place.
 G = Mean time per level.
                   A        B        C        D        E       F      G
               +--------+--------+--------+--------+--------+-----+--------+
         Total |   2841 |   2644 |    197 |    215 |   1803 |   5 |  568.2 |
       Dungeon |   2841 |   2644 |    197 |    215 |   1803 |   5 |  568.2 |
               +--------+--------+--------+--------+--------+-----+--------+

Top non-repeatable levels by time:
     D:3: 1092 daAuts
     D:2: 911 daAuts
     D:1: 707 daAuts
     D:4: 104 daAuts
     D:5: 25 daAuts
